 Dungeon Crawl Stone Soup version 0.19-a0-1021-g80cc50c (webtiles) character file.

144 qqqbard the Cudgeler (level 5, 0/27 HPs)
             Began as a Vine Stalker Fighter on July 27, 2016.
             Was a Follower of Elyvilon.
             Succumbed to a worker ant's poison
             ... on level 4 of the Dungeon.
             The game lasted 00:08:05 (2260 turns).

qqqbard the Cudgeler (Vine Stalker Fighter)         Turns: 2260, Time: 00:08:05

Health: 0/27       AC:  8    Str: 25    XL:     5   Next: 27%
Magic:  0/6        EV:  5    Int:  8    God:    Elyvilon [*.....]
Gold:   215        SH: 10    Dex: 13    Spells: 0 memorised, 4 levels left

rFire  . . .     SeeInvis .     a - +0 flail
rCold  . . .     Gourm    .     n - +0 chain mail
rNeg   . . .     Faith    .     c - +0 shield
rPois  .         Spirit   +     (no helmet)
rElec  .         Dismiss  .     (no cloak)
rCorr  .         Reflect  .     (no gloves)
SustAt +         Harm     .     (no boots)
MR     .....                    (no amulet)
Stlth  ..........               (no ring)
                                x - ring of sustain attributes

@: mighty, lethally poisoned (0 -> -2), not resistant to hostile enchantments,
extremely unstealthy
A: fangs 2, regeneration 1, magic shield, antimagic bite, no device heal 3, rot
immunity
a: Lesser Healing, Divine Protection, Renounce Religion


You were on level 4 of the Dungeon.
You worshipped Elyvilon.
Elyvilon was aware of your devotion.
You were hungry.

You visited 1 branch of the dungeon, and saw 4 of its levels.

You collected 215 gold pieces.

Inventory:

Hand Weapons
 a - a +0 flail (weapon)
Armour
 b - a +0 scale mail
 c - a +0 shield (worn)
 n - a +0 chain mail (worn)
Jewellery
 x - a ring of sustain attributes (left hand)
Wands
 v - a wand of digging (10/24)
Scrolls
 e - a scroll of teleportation {unknown}
 j - 2 scrolls of remove curse
 u - a scroll of immolation {unknown}
 w - a scroll of random uselessness {unknown}
Potions
 h - a potion of cancellation {unknown}
 i - a potion of flight {unknown}
 l - a potion of brilliance {unknown}
 p - a potion of invisibility {unknown}
 q - 2 potions of magic {unknown}
 r - a potion of degeneration {unknown}
 t - a potion of berserk rage {unknown}
 z - a potion of heal wounds {unknown}
 A - a potion of curing
 B - a potion of lignification {unknown}
Comestibles
 f - 6 bread rations
 g - a royal jelly


   Skills:
 - Level 2.6 Fighting
 * Level 4.0 Maces & Flails
 - Level 2.4 Armour
 + Level 3.7 Shields


You had 4 spell levels left.
You didn't know any spells.

Dungeon Overview and Level Annotations

Branches:
Dungeon (4/15)
 Temple: D:4-7

Altars:
Elyvilon


Innate Abilities, Weirdness & Mutations

You have extremely sharp teeth.
Your natural rate of healing is unusually fast.
When hurt, damage is shared between your health and your magic reserves.
Your bite disrupts and absorbs the magic of your enemies.
Potions and wands cannot restore your health.
You are immune to rotting.


Message History

The orc wizard hits you but does no damage.
You feel very mighty all of a sudden. The orc wizard casts a spell at you.
The magic dart hits you!
* * * LOW HITPOINT WARNING * * *
The worker ant bites you.
* * * LOW HITPOINT WARNING * * *
You are lethally poisoned!
The worker ant poisons you! You block the adder's attack.
The orc hits you but does no damage.
You don't have enough magic at the moment.
* * * LOW HITPOINT WARNING * * *
You feel sick.
The orc wizard mumbles some strange words.
The orc wizard blinks!
The orc wizard hits you but does no damage.
The adder bites you but does no damage.
* * * LOW HITPOINT WARNING * * *
You feel sick. You block the worker ant's attack.
You die...

##.....##.......,,**,,,,,,
##................,,,,,,,,,
#.....<...........,**,,,,,,
#.................,**,,,,,,
#........o........,,,,,****
#.......oo...(....,,*,,*,,,
#......oSa........,**,,,,,,
#.......o.........,,,,,,,,,
##........@.......,,,,,,,,,
##.....##.......#*,**,,,,,
########...##..#,,**,,,,,
#..##*,..,***,,,,,
####**,,*** *,,***
*,,<,*****,,***
*,,***,,,*,,,,*
*****,,,,,,,,,,
*,,,,,,,,,,,


You could see a worker ant, an orc wizard, an adder and 4 orcs.

Vanquished Creatures
  A giant frog skeleton (D:3)
  A hound skeleton (D:3)
  4 adders
  An ooze (D:3)
  3 worms
  2 dart slugs
  2 orcs (D:3)
  2 ball pythons (D:1)
  2 giant cockroaches
  7 goblins
  6 hobgoblins
  A quokka (D:3)
  7 bats
  4 giant newts
  5 kobolds
  5 rats
53 creatures vanquished.

Vanquished Creatures (others)
  A quokka (D:3)
1 creature vanquished.

Grand Total: 54 creatures vanquished

Notes
Turn   | Place    | Note
-------+----------+-------------------------------------------
     0 | D:1      | qqqbard the Vine Stalker Fighter began the quest for the Orb.
     0 | D:1      | Reached XP level 1. HP: 11/11 MP: 2/2
    59 | D:1      | Reached skill level 2 in Maces & Flails
   114 | D:1      | Reached XP level 2. HP: 16/16 MP: 3/3
   726 | D:1      | Reached XP level 3. HP: 19/19 MP: 4/4
   874 | D:2      | Reached skill level 3 in Maces & Flails
  1254 | D:2      | Reached XP level 4. HP: 17/23 MP: 5/5
  1543 | D:3      | Found a white marble altar of Elyvilon.
  1615 | D:3      | Became a worshipper of Elyvilon the Healer
  1737 | D:3      | Found a faded altar of an unknown god.
  1755 | D:3      | Reached XP level 5. HP: 24/27 MP: 6/6
  1944 | D:3      | Reached skill level 4 in Maces & Flails
  2239 | D:4      | Reached * piety under Elyvilon
  2257 | D:4      | HP: 1/27 [poisoned by a worker ant]
  2260 | D:4      | Succumbed to a worker ant's poison

Vault maps used:
D:1:      eino_arrival_druids_welcome, minmay_pentomino_u4
D:2:      first_bread
D:3:      elyvilon_altar_4, ecumenical_altar_2, kennysheep_nondescript
D:4:      eat_drink_and_be_merry_uskayaw, overflow_temple_1_default,
          portal_sewer_entry_f, uniq_grinder

Skill      XL: |  1  2  3  4  5 |
---------------+----------------+-----
Maces & Flails | 2 3 4 |  4.0
Shields        | 3 |  3.7
Fighting       | |  2.6
Armour         | |  2.4

Action                   |  1- 3 |  4- 6 || total
-------------------------+-------+-------++-------
Melee: Flail             |   136 |    57 ||   193
       Bite              |    32 |    14 ||    46
  Use: Scroll            |     3 |     5 ||     8
       Potion            |     2 |     1 ||     3
  Eat: Chunk             |       |     4 ||     4
Armor: Scale mail        |    14 |       ||    14
       Chain mail        |    66 |    38 ||   104
Dodge: Dodged            |    41 |    14 ||    55
Block: Shield            |    72 |    46 ||   118
